 Dungeon Crawl Stone Soup version 0.31-a0-1308-ga3cce3a448 (webtiles) character file.

Game seed: 10991131637517734373

494 Sweetruy1997 the Cudgeller (level 6, -1/6 HPs)
             Began as a Troll Berserker on Dec 19, 2023.
             Was a Believer of Trog.
             Slain by a quokka (4 damage)
             ... on level 5 of the Dungeon.
             The game lasted 00:09:51 (3036 turns).

Sweetruy1997 the Cudgeller (Troll Berserker)        Turns: 3036, Time: 00:09:51

Health: -1/6       AC:  3    Str: 26    XL:     6   Next: 92%
Magic:  0/4        EV: 10    Int:  5    God:    Trog [**....]
Gold:   183        SH:  0    Dex: 11    Spells: 5/5 levels left

rFire   x . .        a - melded +0 mace
rCold   + . .        (shield currently unavailable)
rNeg    . . .        b - +0 animal skin
rPois   .            (helmet restricted)
rElec   .            w - +0 cloak
rCorr   .            (gloves unavailable)
SInv    .            (boots unavailable)
Will    +....        h - amulet of guardian spirit
Stlth   ++           f - ring of willpower
HPRegen 1.01/turn    q - ring of ice
MPRegen 0.09/turn

%: guardian spirit
@: blade hands, hasted, very quick
A: reduced hp, large, unfitting armour, (claws 3), regeneration 1, shaggy fur 1,
tough skin 1, thin skeletal structure 1, low MP 1
a: Begin Untransformation, Renounce Religion, Berserk, Trog's Hand


You were on level 5 of the Dungeon.
You worshipped Trog.
Trog was pleased with you.
You had blades for hands.
You visited 1 branch of the dungeon, and saw 5 of its levels.
You also visited: Sewer.

You collected 183 gold pieces.

Inventory:

Hand Weapons
 a - a +0 mace (melded)
Missiles
 k - a silver javelin (quivered)
Armour
 b - a +0 animal skin (worn)
 w - a +0 cloak (worn)
Jewellery
 f - a ring of willpower (left blade hand)
 h - an amulet of guardian spirit (around neck)
 q - a ring of ice (right blade hand)
Talismans
 g - a blade talisman (active)
Wands
 u - a wand of charming (15)
Scrolls
 c - 3 scrolls of teleportation
 e - a scroll of fog
 l - 2 scrolls of enchant weapon {unknown}
 o - a scroll of blinking {unknown}
 p - 2 scrolls of amnesia {unknown}
 r - 3 scrolls of noise {unknown}
 s - a scroll of torment {unknown}
 t - 2 scrolls of enchant armour {unknown}
Potions
 d - 2 potions of haste


   Skills:
 + Level 3.5 Fighting
 + Level 5.2 Maces & Flails
 + Level 1.3 Throwing
 + Level 3.8 Dodging
 + Level 0.7 Stealth


You had 5 spell levels left.
You didn't know any spells.
Your spell library was empty.

Dungeon Overview and Level Annotations

Branches:
Dungeon (5/15)              Sewer (visited)
 Temple: D:4-7

Altars:
Qazlal
Uskayaw
Wu Jian
Yredelemnul

Annotations:
D:5 Menkaure


Innate Abilities, Weirdness & Mutations

You have blades for hands.
Your maximum health is decreased, since you lack skill for your form.
You are incapable of wielding weapons or throwing items.
You are too large for most types of armour.
((You have claws for hands.))
Your natural rate of healing is unusually fast.
You are covered in fur. (AC +1)
You have tough skin. (AC +1)
You have a somewhat thin skeletal structure. (Dex +2, Stealth+)
Your magical capacity is low. (-10% MP)


Message History

a +0 mace; a +0 ring mail
Found a blade talisman.
Found a stone staircase leading up.
Found a runed lajatang.
You see here a blade talisman.
g - a blade talisman
There are no items here.
You begin transforming.
You continue transforming. x3
Your claws turn into razor-sharp scythe blades.
Your +0 mace melds into your body.
Setting a skill training target for Shapeshifting at 10.0.
You see here a +0 antimagic lajatang.
You see here a +0 antimagic lajatang.
You open the door.
A spectral orc comes into view.
Found a basalt altar of Yredelemnul.
There is an open door here.
The helpless spectral orc fails to defend itself.
You hit the spectral orc but do no damage.
The spectral orc hits you but does no damage.
You hit the spectral orc.
You destroy the spectral orc!
Trog accepts your kill.
No target in view!
No target in view!
Done exploring.
There is an open door here.
You see here a +0 antimagic lajatang.
There is an escape hatch in the floor here.
You see here a +0 mace.
There is a stone staircase leading down here.
You climb downwards.
Menkaure shouts!
Found 4 gold pieces.
There is a stone staircase leading up here.
Menkaure hits you!
Ouch! That really hurt!
You are too injured to fight recklessly!
You feel yourself speed up. The quokka bites you.
Ouch! That really hurt!
You die...

## #. ####.#
#.#.....#
#... ...###
#.#.##....#
##.......#.#
#.......r#.##
.$.$.$.$.@M.#
#........####
#......<..#
#.......#.#
#.........#
#.#.#.....# #
# #.....#
#.....#
#......


You could see Menkaure and a quokka.

Vanquished Creatures
  Pargi (Sewer)
  An ogre (D:4)
  A phantom (D:3)
  2 brain worms (Sewer)
  2 adders
  A white imp (D:4)
  3 worms
  A dart slug (D:3)
  3 orcs (D:4)
  4 endoplasms
  5 giant cockroaches
  6 goblins
  7 hobgoblins
  2 jackals (D:2)
  6 quokkas
  10 ball pythons
  4 bats
  8 frilled lizards
  6 kobolds
  4 rats
  A spectral orc (D:4)
78 creatures vanquished.

Notes
Turn   | Place    | Note
-------+----------+-------------------------------------------
     0 | D:1      | Sweetruy1997 the Troll Berserker began the quest for the
                  | Orb.
     0 | D:1      | Reached XP level 1. HP: 22/22 MP: 0/0
    92 | D:1      | Reached XP level 2. HP: 20/29 MP: 1/1
   206 | D:1      | Reached skill level 3 in Maces & Flails
   605 | D:2      | Reached XP level 3. HP: 36/36 MP: 2/2
   951 | D:2      | Reached ** piety under Trog
  1121 | D:2      | Found a stormy altar of Qazlal.
  1409 | D:3      | Noticed a phantom
  1421 | D:3      | Killed a phantom
  1422 | D:3      | Reached XP level 4. HP: 43/45 MP: 3/3
  1553 | D:3      | Reached XP level 5. HP: 53/53 MP: 4/4
  1712 | D:3      | Found a hide-covered altar of Uskayaw.
  1716 | D:3      | Found an ornate altar of the Wu Jian Council.
  2107 | D:4      | Reached skill level 4 in Maces & Flails
  2134 | D:4      | Found a glowing drain.
  2155 | Sewer    | Entered a sewer
  2211 | Sewer    | Reached skill level 1 in Throwing
  2214 | Sewer    | Reached XP level 6. HP: 60/61 MP: 0/5
  2301 | Sewer    | Noticed Pargi
  2322 | Sewer    | Killed Pargi
  2418 | Sewer    | Gained mutation: You have a somewhat thin skeletal
                  | structure. (Dex +2, Stealth+) [potion of mutation]
  2418 | Sewer    | Gained mutation: Your magical capacity is low. (-10% MP)
                  | [potion of mutation]
  2468 | D:4      | Reached skill level 5 in Maces & Flails
  2956 | D:4      | Found a basalt altar of Yredelemnul.
  3033 | D:5      | Entered Level 5 of the Dungeon
  3033 | D:5      | Noticed Menkaure
  3036 | D:5      | Slain by a quokka

Illustrated notes

Levels and vault maps discovered:
D:1:      minmay_arrival_nine_rooms, layout_basic
D:2:      layout_loops_corners, basic_altar
D:3:      layout_loops_ring, minitemple
D:4:      layout_loops_cross, yredelemnul_forgotten_temple_becter,
          portal_sewer_entry_f, nicolae_the_louvre
D:5:      layout_basic, grunt_gozag_breadcrumbs, glass_columns_c, uniq_menkaure

Skill      XL: |  1  2  3  4  5  6 |
---------------+-------------------+-----
Maces & Flails | 3 4 5 |  5.2
Fighting       | 3 |  3.5
Dodging        | 3 |  3.8
Throwing       | 1 |  1.3
Stealth        | |  0.7

Action                     |  1- 3 |  4- 6 || total
---------------------------+-------+-------++-------
  Melee: Mace              |   120 |   128 ||   248
         Punch             |       |     1 ||     1
         Unarmed           |       |     2 ||     2
  Throw: Javelin           |    10 |    11 ||    21
 Invoke: Berserk           |     1 |     2 ||     3
    Use: Scroll            |       |     5 ||     5
         Potion            |       |     8 ||     8
   Stab: Sleeping          |       |     2 ||     2
 Armour: Animal skin       |   119 |   106 ||   225
  Dodge: Dodged            |    68 |    86 ||   154
   Form: Blade             |       |     1 ||     1

Table legend: (Time is in decaauts)
 A = Elapsed time spent in this place.
 B = Non-inter-level travel time spent in this place.
 C = Inter-level travel time spent in this place.
 D = Time resting spent in this place.
 E = Time spent auto-exploring this place.
 F = Levels seen in this place.
 G = Mean time per level.
                   A        B        C        D        E       F      G
               +--------+--------+--------+--------+--------+-----+--------+
         Total |   3104 |   2993 |    111 |     53 |   2203 |   6 |  517.3 |
       Dungeon |   2815 |   2704 |    111 |      0 |   2130 |   5 |  563.0 |
         Sewer |    288 |    288 |      0 |     53 |     73 |   1 |  288.0 |
               +--------+--------+--------+--------+--------+-----+--------+

Top non-repeatable levels by time:
     D:3: 821 daAuts
     D:2: 816 daAuts
     D:4: 675 daAuts
     D:1: 499 daAuts
   Sewer: 288 daAuts
     D:5: 2 daAuts
